 Dungeon Crawl Stone Soup version 0.29-a0-451-gfbfa42419e (webtiles) character file.

Game seed: 9308557049518597659

46 xian the Poker (level 3, -2/39 HPs)
             Began as an Octopode Berserker on May 19, 2022.
             Was a Follower of Trog.
             Slain by an orc
             ... wielding a +0 club
              (3 damage)
             ... on level 3 of the Dungeon.
             The game lasted 00:04:07 (1642 turns).

xian the Poker (Octopode Berserker)                 Turns: 1642, Time: 00:04:08

Health: -2/39      AC:  1    Str: 18    XL:     3   Next: 66%
Magic:  3/3        EV: 13    Int:  9    God:    Trog [*.....]
Gold:   68         SH:  0    Dex: 11    Spells: 2/2 levels left

rFire   . . .      SeeInvis .   a - +0 spear
rCold   . . .      Faith    +   (no shield)
rNeg    . . .      Spirit   .   (helmet restricted)
rPois   .          Reflect  .   i - amulet of faith
rElec   .          Harm     .   (no ring)
rCorr   .          Rampage  .   (no ring)
Will    .....                   (no ring)
Stlth   ..........              (no ring)
HPRegen 0.13/turn               (no ring)
MPRegen 0.08/turn               (no ring)
                                (no ring)
                                (no ring)

@: berserking (expiring), very quick
A: almost no armour, amphibious, 8 rings, camouflage 1, gelatinous body 1,
(nimble swimmer 1), tentacles
a: Renounce Religion, Berserk


You were on level 3 of the Dungeon.
You worshipped Trog.
Trog was aware of your devotion.
You visited 1 branch of the dungeon, and saw 3 of its levels.

You collected 68 gold pieces.

Inventory:

Hand Weapons
 a - a +0 spear (weapon)
Missiles
 c - a boomerang (quivered)
 f - 8 poisoned darts
Jewellery
 i - an amulet of faith (around mantle)
Scrolls
 d - 2 scrolls of identify {unknown}
 g - 2 scrolls of teleportation {unknown}
 k - 2 scrolls of vulnerability {unknown}
Potions
 b - a potion of attraction {unknown}
 e - 2 potions of curing {unknown}
 h - 2 potions of mutation {unknown}
 j - a potion of lignification {unknown}


   Skills:
 + Level 3.4 Fighting
 + Level 3.7 Polearms
 + Level 0.1 Throwing
 + Level 3.4 Dodging
 + Level 0.6 Stealth


You had 2 spell levels left.
You didn't know any spells.
Your spell library contained the following spells:

 Spells                   Type           Power      Damage    Failure   Level
 Beastly Appendage        Tmut           0%         N/A       38%         1
 Wereblood                Tmut           0%         N/A       52%         2
 Spider Form              Tmut/Pois      0%         N/A       77%         3


Dungeon Overview and Level Annotations

Branches:
Dungeon (3/15)

Altars:


Innate Abilities, Weirdness & Mutations

You cannot wear most types of armour.
You are amphibious.
You can wear up to eight rings at the same time.
Your skin changes colour to match your surroundings (Stealth+).
Your rubbery body absorbs attacks. (AC +1, EV +1)
((You are camouflaged when in or above water. (Stealth+)))
You have tentacles for arms and can constrict up to eight enemies at once.


Message History

Found 12 stones.
An orc wizard and 2 orcs come into view.
The orc wizard shouts!
The orc wizard mumbles some strange words.
The orc wizard flickers and vanishes!
Deactivating autopickup; reactivate with Ctrl-A.
An orc comes into view. It is wielding a +0 club.
The orc shouts! x3
The kobold hits you with a +0 dagger.
You hear some strange, mumbled words.
A magic dart appears from out of thin air!
The magic dart hits you!
A red film seems to cover your vision as you go berserk!
You feel yourself moving faster!
You feel mighty!
The orc shouts!
Something hits you. The kobold hits you with a +0 dagger.
You closely miss the kobold. Your grab misses the kobold.
You puncture the kobold!
You kill the kobold!
Trog accepts your kill. Something hits you.
You barely miss the orc. You grab the orc. You constrict the orc.
The orc barely misses you. Something barely misses you.
The orc barely misses you.
You puncture the orc!
You kill the orc!
Trog accepts your kill. The orc hits you with a +0 falchion.
Something hits you.
* * * LOW HITPOINT WARNING * * *
The orc hits you with a +0 dagger.
* * * LOW HITPOINT WARNING * * *
The orc hits you with a +0 club.
* * * LOW HITPOINT WARNING * * *
Things that are here:
a +0 flail; a +0 dagger; a stone You barely miss the orc.
Your grab misses the orc. You squeeze the orc.
You kill the orc!
Trog accepts your kill. The orc hits you with a +0 club.
You die...

#########
#.......#
#.......#
#.......#
#.......######
#....o{o#....#
#....)@....#.#
#######.#..(.#
#.#.####
#....#.#
###....#
##.#.# ...#.#
#.####.#### #
#....#


You could see 2 orcs.

Vanquished Creatures
  2 adders (D:2)
  2 orcs (D:3)
  2 endoplasms
  3 giant cockroaches
  A hobgoblin (D:1)
  2 jackals (D:1)
  A quokka (D:2)
  A ball python (D:1)
  A bat (D:2)
  2 frilled lizards (D:2)
  7 kobolds
  2 rats (D:2)
26 creatures vanquished.

Notes
Turn   | Place    | Note
-------+----------+-------------------------------------------
     0 | D:1      | xian the Octopode Berserker began the quest for the Orb.
     0 | D:1      | Reached XP level 1. HP: 16/16 MP: 1/1
   499 | D:1      | Reached XP level 2. HP: 21/21 MP: 2/2
  1302 | D:2      | Reached XP level 3. HP: 26/26 MP: 3/3
  1641 | D:3      | HP: 1/39 [orc/+0 club (2)]
  1642 | D:3      | Slain by an orc

Illustrated notes

Levels and vault maps discovered:
D:1:      lightli_arrival_quake, layout_loops_cross
D:2:      layout_basic, st_stairs_3
D:3:      layout_basic, grunt_decor_one_mirror

Action                   || total
-------------------------++-------
Melee: Spear             ||    58
       Constrict         ||    16
       Tentacles         ||    10
       Punch             ||     1
Throw: Boomerang         ||     5
Invok: Berserk           ||     1
 Stab: Sleeping          ||     3
Armor: Skin              ||     4
Dodge: Dodged            ||    44

Table legend: (Time is in decaauts)
 A = Elapsed time spent in this place.
 B = Non-inter-level travel time spent in this place.
 C = Inter-level travel time spent in this place.
 D = Time resting spent in this place.
 E = Time spent auto-exploring this place.
 F = Levels seen in this place.
 G = Mean time per level.
                   A        B        C        D        E       F      G
               +--------+--------+--------+--------+--------+-----+--------+
         Total |   1637 |   1623 |     14 |    195 |   1061 |   3 |  545.7 |
       Dungeon |   1637 |   1623 |     14 |    195 |   1061 |   3 |  545.7 |
               +--------+--------+--------+--------+--------+-----+--------+

Top non-repeatable levels by time:
     D:2: 896 daAuts
     D:1: 700 daAuts
     D:3: 41 daAuts
